 Dungeon Crawl Stone Soup version 0.28-b1-25-g9875b3fc8c (webtiles) character file.

Game seed: 7253537416761987672

54 pkoi the Slasher (level 3, 0/31 HPs)
             Began as a Minotaur Gladiator on Jan 31, 2022.
             Slain by an orc priest (4 damage)
             ... on level 3 of the Dungeon.
             The game lasted 00:02:58 (2393 turns).

pkoi the Slasher (Minotaur Gladiator)               Turns: 2393, Time: 00:02:59

Health: 0/31       AC:  5    Str: 19 (20) XL:     3   Next: 66%
Magic:  2/2        EV: 12    Int:  3 (5)  God:
Gold:   104        SH:  0    Dex:  9 (11) Spells: 2/2 levels left

rFire   . . .      SeeInvis .   a - +0 long sword
rCold   + . .      Faith    .   (no shield)
rNeg    . . .      Spirit   .   b - +0 leather armour
rPois   .          Reflect  .   c - +0 hat
rElec   .          Harm     .   (no cloak)
rCorr   .          Rampage  .   g - +1 pair of gloves
Will    .....                   (no boots)
Stlth   ..........              (no amulet)
HPRegen 0.10/turn               m - ring of protection from cold
MPRegen 0.08/turn               (no ring)

@: confused, brilliant
A: horns 2, retaliatory headbutt
a: no special abilities


You were on level 3 of the Dungeon.
You visited 1 branch of the dungeon, and saw 3 of its levels.

You collected 104 gold pieces.

Inventory:

Hand Weapons
 a - a +0 long sword (weapon)
Missiles
 d - a throwing net (quivered)
Armour
 b - a +0 leather armour (worn)
 c - a +0 hat (worn)
 g - a +1 pair of gloves (worn)
Jewellery
 m - a ring of protection from cold (left hand)
Scrolls
 k - a scroll of vulnerability {unknown}


   Skills:
 + Level 3.1 Fighting
 * Level 4.9 Long Blades
 - Level 2.0 Throwing
 + Level 1.5 Armour
 - Level 3.2 Dodging


You had 2 spell levels left.
You didn't know any spells.
Your spell library was empty.

Dungeon Overview and Level Annotations

Branches:
Dungeon (3/15)

Altars:
Uskayaw

Shops:
D:1 !

Annotations:
D:2 Sigmund


Innate Abilities, Weirdness & Mutations

You have a pair of horns on your head.
You reflexively headbutt those who attack you in melee.


Message History

You hear some strange, mumbled words.
A puff of flame appears from out of thin air!
The puff of flame hits you.
* * * LOW HITPOINT WARNING * * *
It was a potion of brilliance.
You feel clever all of a sudden. Something hits you but does no damage.
You barely miss something. Your headbutt misses something. Something hits you.
* * * LOW HITPOINT WARNING * * *
You closely miss something. Your headbutt misses something.
Something hits you but does no damage.
Unknown command.
As you read the scroll labelled HIUNUMN VUCRIC, it crumbles to dust.
The scroll dissolves into smoke.
It was a scroll of fog.
You hear some strange, mumbled words.
You are confused.
You are too confused!
You closely miss something. Something hits you but does no damage.
Non-targeted confused throw: 3 throwing nets
Press: ? - help, Q - select action Dir - look around, f - activate You throw a throwing net.
You hear some strange, mumbled words.
Something tries to affect you, but you resist.
You completely miss something. Your headbutt misses something.
Something hits you but does no damage.
Non-targeted confused throw: 2 throwing nets
Press: ? - help, Q - select action Dir - look around, f - activate You throw a throwing net.
You feel less confused. The orc closely misses you. You furiously retaliate!
You headbutt the orc.
An orc priest comes into view. It is wielding a +0 trident.
The orc priest shouts!
The orc priest closely misses you.
The orc priest casts a cantrip, but nothing happens.
You hear some strange, mumbled words.
You are confused.
You bump into the rock wall.
You bump into the rock wall.
The orc priest hits you from afar with a +0 trident.
You die...

..o #..# #.. .....#..# ###
.o...#..#### # .o.........#
###### ..##.##.# #.....
#.##.##.# #.#### #.##o§#.#
#..... ##+## #.###§#.# #.####
##...## #@# #o#.# #.# #
##.....## #.###§#§# #†####
##....<..## #oo§§§§.# #.....
#.........####.o§#§#######.#...
+.........'...§§§.§§...........
#.<...[...####...#..######.#...
##.......## ##.##..# #........
##.....## #.#>..# #>#####..
##...## #)##..# #.# #..


You could see an orc priest and 2 orcs.

Vanquished Creatures
  2 adders
  A worm (D:2)
  2 orcs (D:3)
  An endoplasm (D:3)
  A giant cockroach (D:2)
  3 goblins
  2 hobgoblins
  2 quokkas
  6 ball pythons
  3 bats (D:1)
  2 frilled lizards
  A jackal skeleton (D:3)
  2 kobolds
  4 rats
32 creatures vanquished.

Notes
Turn   | Place    | Note
-------+----------+-------------------------------------------
     0 | D:1      | pkoi the Minotaur Gladiator began the quest for the Orb.
     0 | D:1      | Reached XP level 1. HP: 18/18 MP: 0/0
   131 | D:1      | Reached skill level 4 in Long Blades
   359 | D:1      | Reached XP level 2. HP: 21/25 MP: 1/1
   489 | D:1      | Found Loubug's Distillery.
   839 | D:2      | Noticed Sigmund
  1115 | D:2      | Reached skill level 1 in Armour
  1115 | D:2      | Reached XP level 3. HP: 13/30 MP: 2/2
  1635 | D:3      | Found a hide-covered altar of Uskayaw.
  1671 | D:3      | Found a faded altar of an unknown god.
  2393 | D:3      | Slain by an orc priest

Illustrated notes

Levels and vault maps discovered:
D:1:      dpeg_arrival_more_subterranean_lakeside_camping, layout_rooms,
          serial_shops, nicolae_shop_stone, minmay_misc_feat_chi,
          minmay_quantized
D:2:      minmay_door_path, layout_basic, nicolae_elevator_lobby_asterisk,
          uniq_sigmund, uniq_crazy_yiuf_cottage
D:3:      layout_loops_corners, mainiacjoe_overflow_brackets,
          chequers_ecumenical_altar_simple_redux

Skill      XL: |  1  2  3 |
---------------+----------+-----
Long Blades    | 4 |  4.9
Armour         | 1 |  1.5
Fighting       | 3 |  3.1
Throwing       | |  2.0
Dodging        | |  3.2

Action                   || total
-------------------------++-------
Melee: Long sword        ||    82
       Headbutt          ||     8
       Punch             ||     1
Throw: Throwing net      ||     2
  Use: Potion            ||     5
       Scroll            ||     3
Armor: Leather armour    ||    28
Dodge: Dodged            ||    46
